 Dungeon Crawl Stone Soup version 0.30-a0-937-ga0a21ad780 (webtiles) character file.

Game seed: 7011213359981533127

49 Demosthentine the Ducker (level 3, -1/28 HPs)
             Began as a Demonspawn Gladiator on Mar 24, 2023.
             Slain by Terence
             ... wielding a +0 short sword
              (4 damage)
             ... on level 2 of the Dungeon.
             The game lasted 00:02:06 (1314 turns).

Demosthentine the Ducker (Demonspawn Gladiator)     Turns: 1314, Time: 00:02:07

Health: -1/28      AC:  4    Str: 16    XL:     3   Next: 53%
Magic:  3/3        EV: 12    Int:  9    God:
Gold:   61         SH:  0    Dex: 14    Spells: 2/2 levels left

rFire   . . .      SeeInvis .    (no weapon)
rCold   . . .      Faith    .    (no shield)
rNeg    . . .      Spirit   .    b - +0 leather armour
rPois   .          Reflect  .    c - +0 helmet
rElec   .          Rampage  .    (no cloak)
rCorr   .                        (no gloves)
Will    .....                    (no boots)
Stlth   +                        (no amulet)
HPRegen 0.24/turn                (no ring)
MPRegen 0.08/turn                (no ring)

@: no status effects
A: claws 1
a: no special abilities


You were on level 2 of the Dungeon.
You visited 1 branch of the dungeon, and saw 2 of its levels.

You collected 61 gold pieces.

Inventory:

Missiles
 e - a javelin (quivered)
Armour
 b - a +0 leather armour (worn)
 c - a +0 helmet (worn)
Potions
 a - a potion of brilliance {unknown}
 f - 2 potions of haste
 g - a potion of mutation {unknown}
 i - a potion of berserk rage
 j - a potion of curing {unknown}


   Skills:
 + Level 2.6 Fighting
 - Level 2.8 Polearms
 - Level 1.7 Throwing
 + Level 1.2 Armour
 + Level 3.1 Dodging
 + Level 0.9 Unarmed Combat


You had 2 spell levels left.
You didn't know any spells.
Your spell library was empty.

Dungeon Overview and Level Annotations

Branches:
Dungeon (2/15)

Altars:

Annotations:
D:2 Terence


Innate Abilities, Weirdness & Mutations

You have sharp fingernails.


Message History

Terence is severely wounded.
Terence hits you with a +0 short sword.
You scratch Terence but do no damage.
Terence is severely wounded.
Terence barely misses you.
You scratch Terence.
Terence is severely wounded.
You barely miss Terence.
Terence is severely wounded.
Terence hits you but does no damage.
You barely miss Terence.
Terence is severely wounded.
Terence hits you with a +0 short sword.
You scratch Terence but do no damage.
Terence is severely wounded.
Terence hits you with a +0 short sword.
You scratch Terence but do no damage.
Terence is severely wounded.
Terence misses you.
You scratch Terence but do no damage.
Terence is severely wounded.
Terence hits you with a +0 short sword.
You scratch Terence but do no damage.
Terence is severely wounded.
Terence hits you with a +0 short sword.
* * * LOW HITPOINT WARNING * * *
You scratch Terence but do no damage.
Terence is severely wounded.
Terence hits you but does no damage.
You barely miss Terence.
Terence is severely wounded.
Terence barely misses you.
You scratch Terence but do no damage.
Terence is severely wounded.
Terence hits you with a +0 short sword.
* * * LOW HITPOINT WARNING * * *
You scratch Terence but do no damage.
Terence is severely wounded.
Terence hits you with a +0 short sword.
You die...

#..#..#.....#..#
#..#..#.......>#
#..#..#....#####
#..#..#....#
#..#..#....#
#..#..#.#.##
#..#..#.#.#
#..####.#.#
########..w....#@#
#........#######@#
#.................
#.........#.$..#..#
#.........# #......
..........#
####..##
#.......#.# .$.#
#########.# #(##
#.#


You could see Terence.

Vanquished Creatures
  An adder (D:2)
  A worm (D:2)
  2 dart slugs
  4 ball pythons (D:1)
  An endoplasm (D:1)
  4 goblins
  3 hobgoblins (D:1)
  4 quokkas (D:1)
  5 bats (D:1)
  A frilled lizard (D:1)
  4 kobolds (D:1)
  2 rats (D:1)
32 creatures vanquished.

Notes
Turn   | Place    | Note
-------+----------+-------------------------------------------
     0 | D:1      | Demosthentine the Demonspawn Gladiator began the quest for
                  | the Orb.
     0 | D:1      | Reached XP level 1. HP: 16/16 MP: 1/1
   181 | D:1      | Gained mutation: You have sharp fingernails. [demonic
                  | ancestry]
   181 | D:1      | Reached XP level 2. HP: 22/22 MP: 2/2
   399 | D:1      | Reached skill level 3 in Dodging
   577 | D:1      | Reached skill level 1 in Armour
   660 | D:1      | Reached XP level 3. HP: 12/28 MP: 3/3
  1270 | D:2      | Noticed Terence
  1314 | D:2      | Slain by Terence

Illustrated notes

Levels and vault maps discovered:
D:1:      tarquinn_simple_flora_water_d, layout_basic
D:2:      layout_basic, serial_shops, shop, uniq_terence

Skill      XL: |  1  2 |
---------------+-------+-----
Dodging        | 3 |  3.1
Armour         | 1 |  1.2
Fighting       | |  2.6
Polearms       | |  2.8
Throwing       | |  1.7
Unarmed Combat | |  0.9

Action                     || total
---------------------------++-------
  Melee: Trident           ||    22
         Unarmed           ||   191
         Punch             ||     1
  Throw: Throwing net      ||     3
    Use: Scroll            ||     4
         Potion            ||     2
 Armour: Leather armour    ||    91
  Dodge: Dodged            ||   162

Table legend: (Time is in decaauts)
 A = Elapsed time spent in this place.
 B = Non-inter-level travel time spent in this place.
 C = Inter-level travel time spent in this place.
 D = Time resting spent in this place.
 E = Time spent auto-exploring this place.
 F = Levels seen in this place.
 G = Mean time per level.
                   A        B        C        D        E       F      G
               +--------+--------+--------+--------+--------+-----+--------+
         Total |   1324 |   1312 |     12 |     85 |    825 |   2 |  662.0 |
       Dungeon |   1324 |   1312 |     12 |     85 |    825 |   2 |  662.0 |
               +--------+--------+--------+--------+--------+-----+--------+

Top non-repeatable levels by time:
     D:1: 944 daAuts
     D:2: 379 daAuts
